 Dungeon Crawl Stone Soup version 0.31-a0-344-gd109795599 (webtiles) character file.

Game seed: 17160370302969344207

6266 bobo the Fighter (level 10, -3/102 HPs)
             Began as a Pale Draconian Ice Elementalist on July 21, 2023.
             Was a Follower of Ignis.
             Slain by a shadow (27 damage)
             ... on level 9 of the Dungeon.
             The game lasted 00:32:34 (8604 turns).

bobo the Fighter (Pale Draconian Ice Elementalist)  Turns: 8604, Time: 00:32:34

Health: -3/102     AC:  9    Str: 19    XL:     10   Next: 62%
Magic:  16/16      EV: 10    Int: 17    God:    Ignis [*.....]
Gold:   348        SH:  0    Dex: 11    Spells: 8/17 levels left

rFire   + .          .
                       - Unarmed
rCold   . . .        (shield currently unavailable)
rNeg    . . .        (body armour unavailable)
rPois   .            (helmet currently unavailable)
rElec   .            u - melded +2 cloak
rCorr   .            (gloves currently unavailable)
SInv    .            v - melded +1 pair of boots
Will    +....        (no amulet)
Stlth   ++           l - ring of willpower
HPRegen 0.37/turn    (no ring)
MPRegen 0.15/turn

%: no passive effects
@: about to teleport, snake-form, slowed, very slow
A: constrict, boosted hp, (breathe steam), AC +7, large, unfitting armour,
(cold-blooded), (steam resistance)
a: Begin Untransformation, Renounce Religion, Fiery Armour, Foxfire Swarm


You were on level 9 of the Dungeon.
You worshipped Ignis.
Ignis was aware of your devotion.
You were an enormous anaconda.
You visited 1 branch of the dungeon, and saw 9 of its levels.
You also visited: Bailey.

You collected 348 gold pieces.

Inventory:

Hand Weapons
 B - a +2 demon whip of protection
Missiles
 F - a curare-tipped dart
 I - a throwing net
Armour
 u - a +2 cloak (melded)
 v - a +1 pair of boots (melded)
Jewellery
 l - a ring of willpower (left hand)
Talismans
 q - a blade talisman
 C - a serpent talisman
Wands
 s - a wand of polymorph (18)
 J - a wand of roots (6)
Scrolls
 b - 2 scrolls of amnesia
 f - a scroll of brand weapon
 o - a scroll of immolation
 p - 2 scrolls of enchant weapon
 y - a scroll of fog
 K - a scroll of acquirement {unknown}
Potions
 a - 2 potions of magic
 c - 4 potions of enlightenment
 d - 3 potions of heal wounds
 e - 6 potions of attraction
 g - a potion of lignification {unknown}
 h - 3 potions of ambrosia
 i - 2 potions of curing
 j - a potion of mutation {unknown}
 k - a potion of invisibility {unknown}
 r - a potion of might {unknown}
 t - 3 potions of brilliance {unknown}
 x - 2 potions of resistance {unknown}


   Skills:
 - Level 8.4 Fighting
 - Level 1.7 Dodging
 - Level 3.0 Stealth
 - Level 7.6 Unarmed Combat
 - Level 4.0 Spellcasting
 - Level 3.0 Translocations
 - Level 5.0 Ice Magic
 * Level 8.4 Shapeshifting


You had 8 spell levels left.
You knew the following spells:

 Your Spells              Type           Power      Damage    Failure   Level
a - Ozocubu's Armour      Ice            20%        N/A       6%          3
f - Frozen Ramparts       Ice            40%        1d7       6%          3
s - Freeze                Ice            80%        1d9       1%          1
Z - Blink                 Tloc           26%        N/A       7%          2

Your spell library contained the following spells:

 Spells                   Type           Power      Damage    Failure   Level
 Lesser Beckoning         Tloc           26%        N/A       7%          2
 Momentum Strike          Conj/Tloc      16%        3d8       13%         2
 Kiss of Death            Conj/Necr      12%        2d6       16%         1
 Sublimation of Blood     Necr           3%         N/A       24%         2
 Wereblood                Tmut           3%         N/A       24%         2
 Passage of Golubria      Tloc           13%        N/A       41%         4
 Confusing Touch          Hex            3%         N/A       43%         3
 Inner Flame              Hex/Fire       3%         N/A       43%         3
 Tukima's Dance           Hex            3%         N/A       43%         3
 Summon Ice Beast         Ice/Summ       11%        N/A       50%         4
 Dispel Undead            Necr           3%         3d7       83%         4
 Flame Wave               Conj/Fire      3%         2d5       83%         4
 Petrify                  Tmut/Erth      3%         N/A       83%         4
 Sticky Flame             Conj/Fire      3%         2d3       83%         4
 Metabolic Englaciation   Hex/Ice        5%         N/A       83%         5
 Summon Forest            Summ/Tloc      4%         N/A       93%         5
 Summon Mana Viper        Hex/Summ       3%         N/A       99%         5
 Yara's Violent Unravell  Hex/Tmut       1%         3d3       99%         5
 Summon Cactus Giant      Summ           1%         N/A       100%        6
 Summon Hydra             Summ           1%         N/A       100%        7


Dungeon Overview and Level Annotations

Branches:
Dungeon (9/15)             Temple (0/1) D:6          Bailey (visited)
   Lair: D:8-11         Orc: D:9-12

Altars:
Sif Muna
Uskayaw
Yredelemnul
Ignis

Shops:
D:5 *   D:7 (

Annotations:
D:3 2 transporters, HotCheetoh's ghost, amateur OpSh
D:8 1 transporter


Innate Abilities, Weirdness & Mutations

You are an enormous anaconda.
You have a powerful constriction melee attack.
Your maximum health is increased.
Your armour is entirely melded.
You are incapable of wielding weapons or throwing items.
((You can breathe blasts of scalding, opaque steam.))
((Your pale cyan-grey scales are hard. (AC +7)))
You cannot fit into any form of body armour.
((You are cold-blooded and may be slowed by cold attacks.))
((You are immune to the effects of steam.))


Message History

You hit something. You constrict the wyvern. The wyvern bites you. x2
You closely miss something. You constrict the wyvern.
The shadow strikes at you from the darkness!
Reactivating autopickup.
The wyvern bites you but does no damage.
You hit the wraith.
The wraith is lightly damaged.
You constrict the wyvern. The shadow hits you. The wraith closely misses you.
The wyvern bites you!
You barely miss the wraith.
The wraith is lightly damaged.
You constrict the wyvern. The wyvern closely misses you.
The shadow slips into darkness.
The shadow flickers and vanishes!
Deactivating autopickup; reactivate with Ctrl-A.
The wraith closely misses you. The wyvern barely misses you.
You closely miss the wraith.
The wraith is lightly damaged.
You constrict the wyvern.
You kill the wyvern!
The shadow strikes at you from the darkness!
Reactivating autopickup.
The wraith barely misses you.
Okay, then.
Unknown command.
As you read the scroll of fear, it crumbles to dust.
You assume a fearsome visage.
The shadow is unaffected.
The wraith is unaffected.
The orc looks frightened! x2; The shadow misses you.
The wraith hits you.
* * * LOW HITPOINT WARNING * * *
The wraith drains your vigour!
You feel yourself slow down.
As you read the scroll of teleportation, it crumbles to dust.
You feel strangely unstable.
The shadow slips into darkness.
The shadow flickers and vanishes!
Deactivating autopickup; reactivate with Ctrl-A.
The wraith hits you.
* * * LOW HITPOINT WARNING * * *
The shadow strikes at you from the darkness!
You die...

*****,,,,,*,*,,,,,,,,,...........
*,,,,,,,,,...#......,,#.......)..
*,,,,,,,,,,..#.....,,,#......)∩).
*,,,,,,,,.,,......>,,,...###..)..
*,,,,,,,,..,,...o.,,,,...# #.....
*,,,,,,,,...,*o...,,,,##.# ###...
*,,,,,,,,....##..#*,,**#.# ###.
*****,,,,.......{#**** #.# #.
*,********#WS# #.# #.
*,*,,,,,,,#..#######.#######.
*,*,,,,,,,#..................
*,+,,,,,,,#..................
*,****+***#..................
*,,,,,,......................
*,,,***#.....................
*,,,* #################.....
*,,,* #.....


You could see a wraith and 2 orcs.

Vanquished Creatures
  Pikel (D:7)
  A gargoyle (Bailey)
  Psyche (D:8)
  Grinder (D:6)
  A vampire (Bailey)
  3 yaks (D:9)
  A wyvern (D:9)
  A steam dragon (D:6)
  Menkaure (D:4)
  2 water moccasins
  Duvessa (D:6)
  An orc warrior (D:9)
  A sky beast (D:7)
  2 black bears (D:5)
  2 ice beasts (D:7)
  An ogre (D:6)
  2 phantoms
  3 centaurs
  2 lemures (D:7)
  Blork the orc (D:5)
  A kobold brigand (D:6)
  2 bullfrogs
  4 scorpions
  7 wights
  Dowan (D:6)
  6 killer bees (D:8)
  3 howler monkeys
  6 vampire bats (Bailey)
  5 wolf zombies (Bailey)
  4 jellies
  Crazy Yiuf (D:3)
  6 orc priests
  2 gnoll boudas
  3 hounds
  A sleepcap (D:8)
  Ijyb (D:3)
  5 iguanas
  3 orc wizards
  8 gnolls
  7 adders
  A shadow imp (D:6)
  A dart slug (D:5)
  18 orcs
  5 endoplasms
  A giant cockroach (D:1)
  3 goblins
  7 hobgoblins
  2 quokkas
  7 ball pythons
  4 frilled lizards
  8 kobolds
  20 orc zombies (Bailey)
  4 rats
186 creatures vanquished.

Vanquished Creatures (others)
  52 foxfires
52 creatures vanquished.

Grand Total: 238 creatures vanquished

Notes
Turn   | Place    | Note
-------+----------+-------------------------------------------
     0 | D:1      | bobo the Draconian Ice Elementalist began the quest for the
                  | Orb.
     0 | D:1      | Reached XP level 1. HP: 14/14 MP: 3/3
   310 | D:1      | Reached skill level 1 in Fighting
   312 | D:1      | Reached skill level 1 in Unarmed Combat
   367 | D:1      | Found a faded altar of an unknown god.
   374 | D:1      | Reached XP level 2. HP: 23/23 MP: 1/5
   433 | D:1      | Prayed at the altar of an unknown god.
   433 | D:1      | Became a worshipper of Ignis, the Dying Flame
  1065 | D:2      | Reached XP level 3. HP: 24/29 MP: 2/6
  1459 | D:2      | Found a hide-covered altar of Uskayaw.
  1701 | D:3      | Learned a level 3 spell: Ozocubu's Armour
  1886 | D:3      | Found a transporter.
  1887 | D:3      | Noticed HotCheetoh's ghost (amateur OpSh)
  1889 | D:3      | Found a transporter.
  1890 | D:3      | Noticed a necrophage
  2533 | D:3      | Noticed Ijyb
  2539 | D:3      | Killed Ijyb
  2540 | D:3      | Reached XP level 4. HP: 22/36 MP: 3/7
  2614 | D:3      | Found a runed translucent door.
  2615 | D:3      | Noticed Crazy Yiuf
  2617 | D:3      | Identified the +5 hammer of Chaos {flame, *Noise rPois rC+
                  | Will+++}
  2620 | D:3      | Killed Crazy Yiuf
  2932 | D:4      | Noticed Menkaure
  2936 | D:4      | Killed Menkaure
  2937 | D:4      | Reached XP level 5. HP: 45/45 MP: 7/9
  2941 | D:4      | Learned a level 3 spell: Frozen Ramparts
  3060 | D:4      | You fall into a shaft and drop 3 floors!
  3070 | D:7      | Noticed a lemure
  3074 | D:7      | Noticed an ice beast
  3088 | D:7      | Found a basalt altar of Yredelemnul.
  3089 | D:7      | Found Unifuitt's Weapon Boutique.
  3096 | D:6      | Noticed a water moccasin
  3096 | D:6      | Noticed a centaur
  3100 | D:6      | Killed a centaur
  3101 | D:6      | Reached XP level 6. HP: 32/51 MP: 10/10
  3107 | D:6      | Killed a water moccasin
  3108 | D:6      | Reached skill level 5 in Ice Magic
  3239 | D:5      | Entered Level 5 of the Dungeon
  3272 | D:4      | Your scales start taking on a pale cyan-grey colour.
  3272 | D:4      | Reached XP level 7. HP: 57/58 MP: 8/12
  3272 | D:4      | Gained mutation: You are immune to the effects of steam.
                  | [Pale Draconian growth]
  3347 | D:4      | Learned a level 2 spell: Blink
  4112 | D:5      | Found a shimmering blue altar of Sif Muna.
  4129 | D:5      | Reached skill level 1 in Translocations
  4239 | D:5      | Found Kihaom's Neck Hole.
  4260 | D:5      | Noticed Blork the orc
  4266 | D:5      | Killed Blork the orc
  4272 | D:5      | Reached skill level 5 in Fighting
  4330 | D:5      | Reached XP level 8. HP: 68/68 MP: 14/14
  4643 | D:5      | Reached skill level 1 in Shapeshifting
  4862 | D:6      | Reached skill level 5 in Unarmed Combat
  5250 | D:6      | Noticed Duvessa
  5251 | D:6      | Noticed Dowan
  5262 | D:6      | Killed Duvessa
  5267 | D:6      | Killed Dowan
  5268 | D:6      | Reached XP level 9. HP: 74/78 MP: 13/15
  5439 | D:6      | Found a staircase to the Ecumenical Temple.
  5510 | D:6      | Noticed Grinder
  5534 | D:6      | Killed Grinder
  5707 | D:7      | Noticed Pikel
  5735 | D:7      | Killed Pikel
  5736 | D:7      | Reached skill level 5 in Shapeshifting
  6239 | D:8      | Noticed Psyche
  6253 | D:8      | Killed Psyche
  6613 | D:8      | Reached XP level 10. HP: 61/88 MP: 7/16
  7225 | D:8      | Found a transporter.
  7398 | D:8      | Found a transporter.
  7564 | D:9      | Found the +8 Wrath of Trog {antimagic, *Rage Rampage}
  7598 | D:9      | Found a flagged portal.
  7599 | D:9      | Identified the +6 rapier "Eteyqimi" {drain, rF+ Int+2}
  7605 | D:9      | Identified the +10 halberd of the Foremost Allies {drain,
                  | *Rage Fragile Will++ Str+3}
  7615 | Bailey   | Entered a bailey
  8236 | Bailey   | Noticed a gargoyle
  8244 | Bailey   | Killed a gargoyle
  8604 | D:9      | Slain by a shadow

Illustrated notes

Levels and vault maps discovered:
D:1:      scummos_arrival_hexagon, layout_loops_ring,
          hellmonk_ecumenical_altar_run_dry
D:2:      layout_basic, basic_altar
D:3:      minmay_angry_zag, layout_basic, gammafunk_ghost_mausoleum,
          chequers_garden, uniq_crazy_yiuf_cottage, uniq_ijyb
D:4:      layout_gridville, grunt_ministairs_6, uniq_menkaure
D:5:      layout_basic, mainiacjoe_overflow_concentric_impassable,
          nicolae_shop_sticking_my_neck_out, uniq_blork_the_orc
D:6:      cheibrodos_helix_gallery, layout_rooms, minmay_temple_entry_offerings,
          kennysheep_decorative_pillar, uniq_grinder, uniq_duvessa
D:7:      layout_rooms, overflow_temple_1_default, serial_shops,
          nicolae_shop_advertising_works [nicolae_subvault_shop_adworks],
          uniq_pikel
D:8:      layout_basic, nicolae_diode_stairs, uniq_psyche
D:9:      layout_irregular_city, enter_bailey_2, st_stairs_5

Skill      XL: |  1  2  3  4  5  6  7  8  9 10 |
---------------+-------------------------------+-----
Fighting       | 1 2 3 5 6 7 8 |  8.4
Unarmed Combat | 1 2 3 4 5 7 |  7.6
Stealth        | 2 3 |  3.0
Spellcasting   | 3 4 |  4.0
Ice Magic      | 5 |  5.0
Translocations | 2 3 |  3.0
Shapeshifting  | 4 6 8 |  8.4
Dodging        | |  1.7

Action                     |  1- 3 |  4- 6 |  7- 9 | 10-12 || total
---------------------------+-------+-------+-------+-------++-------
  Melee: Unarmed           |     5 |       |    79 |   163 ||   247
         Short sword       |     4 |       |       |       ||     4
         Punch             |     1 |       |     3 |       ||     4
         Whip              |     3 |       |       |       ||     3
         Club              |       |     2 |       |       ||     2
         Mace              |       |    21 |    38 |       ||    59
         Tailslap          |       |     2 |    32 |     4 ||    38
         Demon whip        |       |       |    88 |       ||    88
         Constrict         |       |       |       |    23 ||    23
  Throw: Dart              |       |       |     1 |       ||     1
   Cast: Freeze            |    57 |     3 |     6 |     4 ||    70
         Ozocubu's Armour  |       |     3 |    12 |     6 ||    21
         Frozen Ramparts   |       |       |     9 |     5 ||    14
 Invoke: Fiery Armour      |     1 |     2 |     3 |     1 ||     7
         Foxfire Swarm     |       |     1 |     2 |       ||     3
         Rising Flame      |       |     1 |       |       ||     1
Ability: Breathe Steam     |       |       |    11 |     5 ||    16
         Begin Untransform |       |       |       |     1 ||     1
  Evoke: Wand              |       |       |     4 |       ||     4
    Use: Scroll            |     2 |       |     4 |    16 ||    22
   Stab: Sleeping          |     1 |       |       |     4 ||     5
         Paralysed         |       |       |    10 |       ||    10
 Armour: Skin              |     9 |    22 |   107 |    96 ||   234
  Dodge: Dodged            |    21 |    35 |   121 |   112 ||   289
   Form: Anaconda          |       |       |       |     2 ||     2

Table legend: (Time is in decaauts)
 A = Elapsed time spent in this place.
 B = Non-inter-level travel time spent in this place.
 C = Inter-level travel time spent in this place.
 D = Time resting spent in this place.
 E = Time spent auto-exploring this place.
 F = Levels seen in this place.
 G = Mean time per level.
                   A        B        C        D        E       F      G
               +--------+--------+--------+--------+--------+-----+--------+
         Total |   8576 |   8423 |    153 |    446 |   6158 |  10 |  857.6 |
       Dungeon |   7782 |   7629 |    153 |     81 |   6158 |   9 |  864.7 |
        Bailey |    794 |    794 |      0 |    365 |      0 |   1 |  794.0 |
               +--------+--------+--------+--------+--------+-----+--------+

Top non-repeatable levels by time:
     D:8: 1223 daAuts
     D:3: 1102 daAuts
     D:4: 1089 daAuts
     D:6: 906 daAuts
     D:2: 845 daAuts
     D:1: 844 daAuts
     D:5: 807 daAuts
  Bailey: 794 daAuts
     D:7: 662 daAuts
     D:9: 301 daAuts
